 Dungeon Sprint DCSS version 0.30-a0-939-gc8157cb160 (webtiles) character file.

Game seed: 16418818281225246889

18912 Conn the Eclecticist (level 12, -11/66 (70) HPs)
             Began as an Octopode Fire Elementalist on Mar 25, 2023.
             Was the Champion of Sif Muna.
             Shot with an arrow by a deep elf master archer (37 damage)
             ... in the Dungeon (Sprint I: "Red Sonja").
             The game lasted 00:44:22 (3434 turns).

Conn the Eclecticist (Octopode Fire Elementalist)   Turns: 3434, Time: 00:44:26

HP:   -11/66 (70)   AC: 11    Str:  7    XL:     12   Next: 63%
MP:   20/33         EV: 14    Int: 33    God:    Sif Muna [******]
Gold: 1783          SH: 18    Dex: 13    Spells: 5/45 levels left

rFire   . . .      SeeInvis +    d - staff of cold "Hoitryton" {rC+ Int+3}
rCold   + . .      Faith    .    s - +2 kite shield {AC+3}
rNeg    . . .      Spirit   .    n - +3 crown of Dyrovepreva {rElec Int+2 SInv}
rPois   .          Reflect  +    p - amulet of reflection
rElec   +          Rampage  .    l - +6 ring of intelligence
rCorr   .          NoTele   +    r - +4 ring of protection
Will    .....      Rage     3%   (no ring)
Stlth   ++++                     (no ring)
HPRegen 0.00/turn                (no ring)
MPRegen 0.23/turn                (no ring)
                                 (no ring)
                                 (no ring)

@: inhibited regen, drained
A: almost no armour, amphibious, 8 rings, camouflage 1, gelatinous body 1,
(nimble swimmer 1), tentacles, berserk 1, inhibited regeneration
a: Renounce Religion, Channel Magic, Forget Spell, Divine Exegesis


You were in the Dungeon.
You worshipped Sif Muna.
Sif Muna was exalted by your worship.
You visited 1 branch You collected 4347 gold pieces.
You spent 2564 gold pieces at shops.

Inventory:

Hand Weapons
 g - a +0 dagger
 j - a +1 short sword of venom
 q - the +4 battleaxe "Aveeniotu" {freeze, Dex+6}
   (You bought it in a shop in the Dungeon)

   Dex:       It affects your dexterity (+6).
Missiles
 i - 2 poisoned darts
 k - 7 curare-tipped darts (quivered)
Armour
 m - a +0 buckler
 n - the +3 crown of Dyrovepreva (worn) {rElec Int+2 SInv}
   (You found it in the Dungeon)

   Int:       It affects your intelligence (+2).
   rElec:     It insulates you from electricity.
   SInv:      It lets you see invisible.
 s - a +2 kite shield of protection (worn)
Magical Staves
 d - the staff of cold "Hoitryton" (weapon) {rC+ Int+3}
   (You found it in the Dungeon)

   [staff of cold]

   Base accuracy: +5 Base damage: 5 Base attack delay: 1.2 This weapon's minimum
   attack delay (0.6) is reached at skill level 12.
   Int:       It affects your intelligence (+3).
   rC:        It protects you from cold.
   It falls into the 'Staves' category.
   It is a one-tentacled weapon.
 u - the staff of conjuration "Ciajuij" {rElec rPois rC- Will++}
   (You found it in the Dungeon)

   [staff of conjuration]

   Base accuracy: +5 Base damage: 5 Base attack delay: 1.2 This weapon's minimum
   attack delay (0.6) is reached at skill level 12.
   rC:        It makes you vulnerable to cold.
   rElec:     It insulates you from electricity.
   rPois:     It protects you from poison.
   Will:      It greatly increases your willpower.
   It falls into the 'Staves' category.
   It is a one-tentacled weapon.
Jewellery
 l - a +6 ring of intelligence (left tentacle)
 o - an amulet of the acrobat
 p - an amulet of reflection (around mantle)
 r - a +4 ring of protection (right tentacle)
 t - a ring of fire
 v - the ring of Helaigi {Ice *Corrode *Slow Int+5 Stlth+}
   (You found it in the Dungeon)

   [ring of ice]

   It enhances your ice magic.
   Int:       It affects your intelligence (+5).
   rF:        It makes you vulnerable to fire.
   rC:        It protects you from cold.
   *Corrode:  It may corrode you when you take damage.
   *Slow:     It may slow you when you take damage.
   Stlth:     It makes you more stealthy.
Wands
 e - a wand of iceblast (2)
Scrolls
 f - a scroll of blinking
Potions
 a - 3 potions of magic
 b - 2 potions of curing
 c - a potion of heal wounds
 h - a potion of lignification


   Skills:
 + Level 1.9 Fighting
 + Level 1.0 Throwing
 + Level 5.7 Dodging
 - Level 5.6 Stealth
 * Level 9.7 Shields
 + Level 17.0 Spellcasting
 * Level 12.1 Conjurations
 + Level 5.0 Hexes
 + Level 6.3 Summonings
 * Level 6.0 Translocations
 + Level 14.3 Fire Magic
 + Level 5.3 Air Magic
 + Level 2.4 Poison Magic
 * Level 11.2 Invocations


You had 5 spell levels left.
You knew the following spells:

 Your Spells              Type           Power      Damage    Failure   Level
a - Foxfire               Conj/Fire      100%       2x1d9     0%          1
b - Kindle Blastsparks    Fire/Tloc/Air  100%       2d18      1%          3
c - Inner Flame           Hex/Fire       75%        N/A       1%          3
d - Flame Wave            Conj/Fire      86%        2d18      1%          4
e - Scorch                Fire           100%       2d10      0%          2
f - Blink                 Tloc           100%       N/A       1%          2
g - Summon Forest         Summ/Tloc      31%        N/A       7%          5
h - Fireball              Conj/Fire      43%        3d17      1%          5
i - Iskenderun's Mystic   Conj/Tloc      73%        2d15      1%          4
j - Arcjolt               Conj/Air       36%        1d46      2%          5
k - Call Canine Familiar  Summ           63%        N/A       1%          3
l - Mephitic Cloud        Conj/Pois/Air  64%        N/A       1%          3

Your spell library contained the following spells:

 Spells                   Type           Power      Damage    Failure   Level
 Kiss of Death            Conj/Necr      100%       2d13      1%          1
 Shock                    Conj/Air       100%       1d9       1%          1
 Lesser Beckoning         Tloc           100%       N/A       1%          2
 Momentum Strike          Conj/Tloc      100%       3d10      1%          2
 Static Discharge         Conj/Air       100%       2-7/arc   1%          2
 Portal Projectile        Hex/Tloc       100%       N/A       1%          3
 Stone Arrow              Conj/Erth      100%       3d13      1%          3
 Sticky Flame             Conj/Fire      86%        2d10      1%          4
 Manifold Assault         Tloc           61%        N/A       2%          4
 Sandblast                Erth           56%        2d13      3%          1
 Passwall                 Tmut/Erth      23%        N/A       4%          2
 Cause Fear               Hex            28%        N/A       4%          4
 Freezing Cloud           Conj/Ice/Air   39%        6-21      8%          5
 Summon Mana Viper        Hex/Summ       60%        N/A       9%          5
 Anguish                  Hex/Necr       22%        N/A       11%         4
 Leda's Liquefaction      Hex/Erth       22%        N/A       11%         4
 Conjure Ball Lightning   Conj/Air       36%        3x3d12    13%         6
 Orb of Destruction       Conj           41%        9d11      19%         7
 Summon Cactus Giant      Summ           31%        N/A       34%         6
 Dispersal                Tloc           30%        N/A       38%         6
 Enfeeble                 Hex            28%        N/A       98%         7
 Discord                  Hex            28%        N/A       100%        8
 Disjunction              Tloc           30%        N/A       100%        8
 Lehudib's Crystal Spear  Conj/Erth      31%        10d8      100%        8
 Maxwell's Capacitive Co  Air            29%        ∞         100%        8
 Chain Lightning          Conj/Air       36%        3d48      100%        9


Dungeon Overview and Level Annotations

Branches:
Dungeon (1/1)

Altars:
Cheibriados
Dithmenos
Elyvilon
Fedhas
Gozag
Hepliaklqana
Kikubaaqudgha
Makhleb
Nemelex Xobeh
Okawaru
Qazlal
Ru
Sif Muna
Trog
Uskayaw
Vehumet
Wu Jian
Xom
Yredelemnul
Zin
The Shining One
Jiyva
Lugonu

Shops:
D =[[!![??==[[:(??*[?[*


Innate Abilities, Weirdness & Mutations

You cannot wear most types of armour.
You are amphibious.
You can wear up to eight rings at the same time.
Your skin changes colour to match your surroundings (Stealth+).
Your rubbery body absorbs attacks. (AC +1, EV +1)
((You are camouflaged when in or above water. (Stealth+)))
You have tentacles for arms and can constrict up to eight enemies at once.
You sometimes lose your temper in combat.
You do not regenerate when monsters are visible.


Message History

Aim: a deep elf master archer, wielding a +0 longbow of draining and wearing a +0 leather armour (ally target, chance to affect: 50%)
The deep elf master archer resists with significant effort.
The deep elf master archer shoots an arrow.
The arrow hits your warg!!
The deep elf master archer drains your warg.
The deep elf master archer shoots an arrow.
The arrow hits your warg!!!
Your warg dies!
Your warg's corpse disappears in a puff of smoke!
Casting: Inner Flame (safe; 1% risk of failure)
Confirm with . or Enter, or press ? or * to list all spells.
You conjure some foxfire!
Casting: Foxfire (safe; 0% risk of failure)
Confirm with . or Enter, or press ? or * to list all spells.
The deep elf master archer shoots an arrow.
The arrow hits your warg.
The deep elf master archer drains your warg.
The deep elf master archer shoots an arrow.
The arrow hits your warg!!
Your warg dies!
Your warg's corpse disappears in a puff of smoke!
The foxfire hits the deep elf master archer.
The deep elf master archer is lightly wounded.
Casting: Call Canine Familiar (safe; 1% risk of failure)
Confirm with . or Enter, or press ? or * to list all spells.
You conjure some foxfire!
The foxfire hits the deep elf master archer.
The deep elf master archer is lightly wounded.
Casting: Foxfire (safe; 0% risk of failure)
Confirm with . or Enter, or press ? or * to list all spells.
Okay, then.
Okay, then.
Casting: Foxfire (safe; 0% risk of failure)
Confirm with . or Enter, or press ? or * to list all spells.
The foxfire hits the deep elf master archer.
The deep elf master archer is moderately wounded.
The deep elf master archer shoots an arrow.
The arrow hits you!!!
Ouch! That really hurt!
You die...

###########
###########
.§§§§.§#..+
#@§§$v$$$$#
§†.##§.'..#
##§h§.e$$$#
§.#######'#
#####.$$$#
#+# #..#
#.$$$#
#..##
#.$$$#
#.)≈###
#.$$$#
#.)≈))#
#.$$$#
#..≈.##
##.$$#
#..≈##
##$$#


You could see a deep elf master archer (ally target) and a friendly warg
(summoned).

Vanquished Creatures
  the Lernaean hydra (D)
  A deep elf annihilator (D)
  A mummy priest (D)
  A hydra (D)
  2 centaur warriors (D)
  Sonja (D)
  A deep troll (D)
  A lindwurm (D)
  2 oklob plants (D)
  8 shining eyes (D)
  2 merfolk sirens (D)
  4 demonic crawlers (D)
  A gargoyle (D)
  2 unseen horrors (D)
  2 kobold demonologists (D)
  A hellwing (D)
  5 hornets (D)
  Sigmund (D)
  A slime creature (D)
  A yak (D)
  13 hogs (D)
  2 redbacks (D)
  6 floating eyes (D)
  An ogre (D)
  7 necrophages (D)
  8 jellies (D)
  Ijyb (D)
  A ballistomycete spore (D)
78 creatures vanquished.

Vanquished Creatures (collateral kills)
  A floating eye (D)
1 creature vanquished.

Vanquished Creatures (others)
  A ballistomycete spore (D)
  69 foxfires (D)
70 creatures vanquished.

Grand Total: 149 creatures vanquished

Notes
Turn   | Place    | Note
-------+----------+-------------------------------------------
     0 | D        | Conn the Octopode Fire Elementalist began the quest for the
                  | Orb.
     0 | D        | Reached XP level 1. HP: 11/11 MP: 3/3
     3 | D        | Noticed Ijyb
     8 | D        | Killed Ijyb
     9 | D        | Reached skill level 3 in Spellcasting
     9 | D        | Reached XP level 2. HP: 17/17 MP: 0/6
     9 | D        | Reached XP level 3. HP: 21/21 MP: 0/7
    65 | D        | Learned a level 2 spell: Scorch
    69 | D        | Learned a level 3 spell: Inner Flame
    79 | D        | Noticed an ogre
    81 | D        | Killed an ogre
    82 | D        | Reached skill level 5 in Spellcasting
    82 | D        | Reached XP level 4. HP: 27/27 MP: 2/11
   159 | D        | Noticed Sigmund
   162 | D        | Killed Sigmund
   163 | D        | Reached skill level 5 in Stealth
   163 | D        | Reached skill level 6 in Spellcasting
   163 | D        | Reached skill level 5 in Conjurations
   163 | D        | Reached XP level 5. HP: 22/31 MP: 5/14
   163 | D        | Reached XP level 6. HP: 26/36 MP: 5/15
   235 | D        | Learned a level 4 spell: Flame Wave
   239 | D        | Learned a level 3 spell: Kindle Blastsparks
   250 | D        | Found a shimmering blue altar of Sif Muna.
   251 | D        | Found an ornate altar of the Wu Jian Council.
   255 | D        | Found a radiant altar of Vehumet.
   260 | D        | Reached skill level 7 in Spellcasting
   272 | D        | Became a worshipper of Sif Muna the Loreminder
   289 | D        | Found Couny's Distillery.
   289 | D        | Found an ancient bone altar of Kikubaaqudgha.
   289 | D        | Found a hazy altar of Hepliaklqana.
   289 | D        | Found a stormy altar of Qazlal.
   289 | D        | Found a hide-covered altar of Uskayaw.
   289 | D        | Found a blossoming altar of Fedhas.
   289 | D        | Found a bloodstained altar of Trog.
   289 | D        | Found an iron altar of Okawaru.
   289 | D        | Found a basalt altar of Yredelemnul.
   289 | D        | Found a glowing golden altar of the Shining One.
   289 | D        | Found a snail-covered altar of Cheibriados.
   289 | D        | Found a sacrificial altar of Ru.
   289 | D        | Found a glowing silver altar of Zin.
   289 | D        | Found a shadowy altar of Dithmenos.
   289 | D        | Found a white marble altar of Elyvilon.
   289 | D        | Noticed a yak
   293 | D        | Killed a yak
   294 | D        | Reached skill level 1 in Air Magic
   294 | D        | Reached XP level 7. HP: 41/41 MP: 6/18
   294 | D        | Found an opulent altar of Gozag.
   295 | D        | Found a sparkling altar of Nemelex Xobeh.
   299 | D        | Bought a potion of heal wounds for 50 gold pieces
   299 | D        | Bought a potion of lignification for 30 gold pieces
   382 | D        | Noticed Sonja
   384 | D        | Killed Sonja
   385 | D        | Reached skill level 9 in Spellcasting
   385 | D        | Reached skill level 10 in Fire Magic
   385 | D        | Reached XP level 8. HP: 46/46 MP: 13/21
   464 | D        | Found Ruros's Jewellery Boutique.
   491 | D        | Found a burning altar of Makhleb.
   491 | D        | Found a viscous altar of Jiyva.
   491 | D        | Found a shimmering altar of Xom.
   491 | D        | Found a corrupted altar of Lugonu.
   491 | D        | Noticed a slime creature
   497 | D        | Killed a slime creature
   497 | D        | Reached * piety under Sif Muna
   546 | D        | Noticed a deep troll
   554 | D        | Killed a deep troll
   555 | D        | Reached skill level 10 in Spellcasting
   555 | D        | Reached XP level 9. HP: 52/52 MP: 11/23
   634 | D        | Found Rayt's Armour Emporium.
   639 | D        | Bought a +0 buckler for 63 gold pieces
   656 | D        | Noticed a centaur warrior
   666 | D        | Noticed a centaur warrior
   670 | D        | Killed a centaur warrior
   671 | D        | Reached skill level 11 in Spellcasting
   671 | D        | Reached skill level 5 in Air Magic
   671 | D        | Reached skill level 5 in Invocations
   673 | D        | Killed a centaur warrior
   673 | D        | Reached ** piety under Sif Muna
   674 | D        | Reached skill level 1 in Fighting
   674 | D        | Reached skill level 12 in Spellcasting
   754 | D        | Learned a level 2 spell: Blink
   755 | D        | Noticed a hornet
   787 | D        | Killed a hornet
   828 | D        | Noticed an oklob plant
  1030 | D        | Killed an oklob plant
  1031 | D        | Reached XP level 10. HP: 38/58 MP: 15/26
  1106 | D        | Reached *** piety under Sif Muna
  1107 | D        | Reached skill level 13 in Spellcasting
  1191 | D        | Learned a level 4 spell: Cause Fear
  1236 | D        | Killed an unseen horror
  1237 | D        | Reached skill level 1 in Throwing
  1246 | D        | Killed an unseen horror
  1337 | D        | Found the +3 crown of Dyrovepreva {rElec Int+2 SInv}
  1341 | D        | Reached **** piety under Sif Muna
  1343 | D        | Reached ***** piety under Sif Muna
  1343 | D        | Received a gift from Sif Muna
  1348 | D        | Reached skill level 5 in Shields
  1348 | D        | Reached skill level 14 in Spellcasting
  1354 | D        | Got Vehumet's Compendium of Conflict {god gift}
  1361 | D        | Learned a level 5 spell: Fireball
  1366 | D        | Learned a level 4 spell: Iskenderun's Mystic Blast
  1372 | D        | Learned a level 5 spell: Arcjolt
  1468 | D        | Found Vykhlu's Magic Scroll Shoppe.
  1468 | D        | Found Jabryte's Magic Scroll Shop.
  1468 | D        | Found Barolini's Jewellery Boutique.
  1470 | D        | Found Nigirph's Jewellery Emporium.
  1470 | D        | Found Kyaqet's Armour Shop.
  1470 | D        | Found Mogixt's Armour Shoppe.
  1470 | D        | Found Miamp's Book Boutique.
  1470 | D        | Found Ziedghad's Antique Weapon Emporium.
  1470 | D        | Found Teaffes's Magic Scroll Shop.
  1470 | D        | Found Jimeideh's Magic Scroll Shoppe.
  1472 | D        | Bought a scroll of acquirement for 676 gold pieces
  1474 | D        | Found Fovona Xual's Assorted Antiques.
  1475 | D        | Found Oniass's Magic Scroll Emporium.
  1475 | D        | Found Naucsoef's Antique Armour Boutique.
  1476 | D        | Found Qiesecor's Assorted Antiques.
  1485 | D        | Bought a transparent battleaxe for 207 gold pieces
  1485 | D        | Identified the +4 battleaxe "Aveeniotu" {freeze, Dex+6}
                  | (You bought it in a shop in the Dungeon)
  1492 | D        | Acquired 1000 gold pieces
  1504 | D        | Bought an amulet of reflection for 360 gold pieces
  1510 | D        | Bought a +4 ring of protection for 432 gold pieces
  1512 | D        | Bought a +2 kite shield of protection for 236 gold pieces
  1595 | D        | Bought a book of the Hunter for 260 gold pieces
  1657 | D        | Bought a ring of fire for 250 gold pieces
  1668 | D        | Learned a level 3 spell: Call Canine Familiar
  1669 | D        | Noticed a shining eye
  1669 | D        | Noticed a shining eye
  1669 | D        | Noticed a shining eye
  1672 | D        | Received a gift from Sif Muna
  1672 | D        | Gained mutation: You do not regenerate when monsters are
                  | visible. [a shining eye]
  1675 | D        | Killed a shining eye
  1676 | D        | Reached skill level 5 in Dodging
  1676 | D        | Reached skill level 1 in Summonings
  1676 | D        | Noticed a shining eye
  1677 | D        | Noticed a shining eye
  1682 | D        | Noticed a shining eye
  1685 | D        | Paralysed by a floating eye for 4 turns
  1692 | D        | Paralysed by a floating eye for 4 turns
  1697 | D        | Killed a shining eye
  1697 | D        | Killed a shining eye
  1819 | D        | Noticed a shining eye
  1823 | D        | Killed a shining eye
  1824 | D        | Reached XP level 11. HP: 63/63 MP: 19/29
  1824 | D        | Killed a shining eye
  1825 | D        | Reached skill level 15 in Spellcasting
  1828 | D        | Noticed a shining eye
  1830 | D        | Killed a shining eye
  1834 | D        | Killed a shining eye
  1835 | D        | Gained mutation: You sometimes lose your temper in combat.
                  | [a shining eye]
  1838 | D        | Killed a shining eye
  1838 | D        | Received a gift from Sif Muna
  1839 | D        | Got Zanwod's Directory of Space and Force {god gift}
  1849 | D        | Got Sif Muna's Elucidation of the Wind {god gift}
  1865 | D        | Found Imeatul's Distillery.
  1865 | D        | Found Noip's Armour Shoppe.
  1865 | D        | Found Vaesure's Antique Armour Boutique.
  1865 | D        | Found Lacwa's Armour Emporium.
  1988 | D        | Learned a level 3 spell: Mephitic Cloud
  2173 | D        | Reached skill level 10 in Conjurations
  2181 | D        | Reached skill level 5 in Summonings
  2367 | D        | Noticed a lindwurm
  2372 | D        | Killed a lindwurm
  2427 | D        | Received a gift from Sif Muna
  2429 | D        | Reached skill level 16 in Spellcasting
  2429 | D        | Received a gift from Sif Muna
  2431 | D        | Reached skill level 1 in Poison Magic
  2431 | D        | Reached skill level 10 in Invocations
  2543 | D        | Noticed a 12-headed hydra
  2546 | D        | Killed a 12-headed hydra
  2547 | D        | Reached XP level 12. HP: 70/70 MP: 21/32
  2610 | D        | Learned a level 5 spell: Summon Forest
  2613 | D        | Noticed a deep elf annihilator
  2615 | D        | Reached ****** piety under Sif Muna
  2615 | D        | Received a gift from Sif Muna
  2620 | D        | Received a gift from Sif Muna
  2755 | D        | Killed a deep elf annihilator
  2824 | D        | Noticed a mummy priest
  2829 | D        | Reached skill level 5 in Translocations
  2831 | D        | Killed a mummy priest
  2913 | D        | Noticed the 27-headed Lernaean hydra
  2920 | D        | Killed the 27-headed Lernaean hydra
  2921 | D        | Reached skill level 17 in Spellcasting
  2921 | D        | Reached skill level 5 in Hexes
  3102 | D        | Identified the staff of cold "Hoitryton" {rC+ Int+3}
  3105 | D        | Identified the staff of conjuration "Ciajuij" {rElec rPois
                  | rC- Will++}
  3107 | D        | Identified the +2 ring mail of Emic {Rampage rCorr Str-5
                  | SInv}
  3338 | D        | Identified the ring of Helaigi {Ice *Corrode *Slow Int+5
                  | Stlth+}
  3427 | D        | Noticed a deep elf master archer
  3434 | D        | Shot with an arrow by a deep elf master archer

Illustrated notes

Levels and vault maps discovered:
D:        dungeon_sprint_1 [red_sonja_temple_1, red_sonja_temple_small_1]

Skill      XL: |  1  2  3  4  5  6  7  8  9 10 11 12 |
---------------+-------------------------------------+-----
Stealth        | 3 4 5 |  5.6
Spellcasting   | 3 5 6 7 9 10 12 14 16 17 | 17.0
Conjurations   | 2 3 5 6 7 8 9 10 12 | 12.1
Fire Magic     | 4 6 8 10 11 12 13 14 | 14.3
Dodging        | 3 4 5 |  5.7
Hexes          | 2 3 4 5 |  5.0
Translocations | 2 3 6 |  6.0
Air Magic      | 1 3 4 5 |  5.3
Invocations    | 3 4 6 8 10 11 | 11.2
Shields        | 3 6 8 9 |  9.7
Fighting       | 1 |  1.9
Throwing       | 1 |  1.0
Summonings     | 2 6 |  6.3
Poison Magic   | 1 2 |  2.4

Action                     |  1- 3 |  4- 6 |  7- 9 | 10-12 || total
---------------------------+-------+-------+-------+-------++-------
  Melee: Unarmed           |     3 |       |       |       ||     3
         Tentacles         |     2 |       |       |     1 ||     3
         Constrict         |     1 |       |       |       ||     1
         Short sword       |       |       |       |     1 ||     1
  Throw: Dart              |       |       |     3 |       ||     3
   Cast: Foxfire           |     4 |     5 |    22 |    22 ||    53
         Scorch            |     2 |     4 |    16 |    11 ||    33
         Flame Wave        |       |     2 |       |     7 ||     9
         Inner Flame       |       |       |     4 |    19 ||    23
         Call Canine Famil |       |       |       |    13 ||    13
         Kindle Blastspark |       |       |       |     3 ||     3
         Fireball          |       |       |       |    31 ||    31
         Iskenderun's Myst |       |       |       |    12 ||    12
         Arcjolt           |       |       |       |     7 ||     7
         Mephitic Cloud    |       |       |       |     4 ||     4
         Blink             |       |       |       |     1 ||     1
         Summon Forest     |       |       |       |     1 ||     1
 Invoke: Channel Magic     |       |       |       |     3 ||     3
         Forget Spell      |       |       |       |     1 ||     1
    Use: Potion            |     1 |     1 |     1 |     4 ||     7
         Scroll            |       |       |       |     1 ||     1
 Armour: Skin              |       |       |       |    25 ||    25
  Dodge: Dodged            |     1 |     1 |     1 |     4 ||     7
  Block: Buckler           |       |       |       |     2 ||     2
         Kite shield       |       |       |       |    19 ||    19
         Reflection        |       |       |       |     1 ||     1

Table legend: (Time is in decaauts)
 A = Elapsed time spent in this place.
 B = Non-inter-level travel time spent in this place.
 C = Inter-level travel time spent in this place.
 D = Time resting spent in this place.
 E = Time spent auto-exploring this place.
 F = Levels seen in this place.
 G = Mean time per level.
                   A        B        C        D        E       F      G
               +--------+--------+--------+--------+--------+-----+--------+
         Total |   3433 |   3401 |     32 |   1982 |    174 |   1 | 3433.0 |
       Dungeon |   3433 |   3401 |     32 |   1982 |    174 |   1 | 3433.0 |
               +--------+--------+--------+--------+--------+-----+--------+

Top non-repeatable levels by time:
       D: 3433 daAuts
